 Dungeon Sprint DCSS version 0.17-a0-2069-g0f4ee5b (webtiles) character file.

206 Kidiri the Covered (level 5, 33/35 HPs)
             Began as a Gargoyle Fighter on Oct 13, 2015.
             Was an Initiate of Okawaru.
             Starved to death
             ... in the Dungeon (Sprint IX: "|||||||||||||||||||||||||||||").
             The game lasted 00:03:21 (656 turns).

Kidiri the Covered (Gargoyle Fighter)                Turns: 656, Time: 00:03:21

Health: 33/35      AC: 16    Str: 24    XL:     5   Next: 84%
Magic:  5/5        EV:  8    Int: 11    God:    Okawaru [......]
Gold:   0          SH: 10    Dex:  9    Spells: 0 memorised, 4 levels left

rFire  . . .     SeeInvis .     a - +2 morningstar "Imp's Funeral" {crush, MR+ Stlth+}
rCold  . . .     Clarity  .     q - +1 chain mail
rNeg   + . .     SustAt   .     c - +0 shield
rPois  ∞         Gourm    .     (no helmet)
rElec  +         Spirit   .     p - +0 cloak
rCorr  .         Warding  .     (no gloves)
rMut   .         NoTele   +     (no boots)
MR     +....                    (no amulet)
Stlth  ..........               r - +3 ring of strength
                                b - +3 ring of intelligence

@: fainting, somewhat resistant to hostile enchantments, extremely unstealthy
A: negative energy resistance 1, electricity resistance, unbreathing,
petrification resistance, rot immunity, AC +4
a: Renounce Religion


You were in the Dungeon.
You worshipped Okawaru.
Okawaru was noncommittal.
You were fainting.

You visited 1 branch

Inventory:

Hand Weapons
 a - the +2 morningstar "Imp's Funeral" (weapon) {crush, MR+ Stlth+}
   (You found it in the Dungeon)

   It inflicts extra damage upon your enemies.
   It affects your resistance to hostile enchantments.
   It makes you more stealthy.
Armour
 c - a +0 shield (worn)
 p - a +0 cloak (worn)
 q - a +1 chain mail (worn)
Jewellery
 b - a +3 ring of intelligence (left hand)
 r - a +3 ring of strength (right hand)
Wands
 o - a wand of cold (7)
Scrolls
 k - 2 scrolls of blinking
 m - 3 scrolls of remove curse
 n - 2 scrolls of amnesia
Potions
 d - a potion of might
 f - a potion of invisibility
 g - 2 potions of heal wounds
 h - a potion of haste
 i - 4 potions of magic
 j - a potion of berserk rage
 l - 4 potions of curing


   Skills:
 + Level 5.3 Fighting
 * Level 5.6 Maces & Flails
 * Level 6.9 Armour
 * Level 4.3 Dodging
 * Level 6.7 Shields
 + Level 0.9 Invocations


You had 4 spell levels left.
You didn't know any spells.

Dungeon Overview and Level Annotations

Branches:
Dungeon (1/1)

Altars:
Cheibriados
Dithmenos
Elyvilon
Fedhas
Gozag
Kikubaaqudgha
Makhleb
Nemelex Xobeh
Okawaru
Qazlal
Ru
Sif Muna
Trog
Vehumet
Xom
Yredelemnul
Zin
The Shining One
Beogh
Jiyva
Lugonu


Innate Abilities, Weirdness & Mutations

You are resistant to torment.
Your stone body is resilient (AC +4).
You are immune to poison.
You resist negative energy.
You are resistant to electric shocks.
You can survive without breathing.
You are immune to petrification.
You are immune to rotting.


Message History

You closely miss the hungry ghost.
The hungry ghost is almost destroyed.
You block the hungry ghost's attack. x2
You miss the hungry ghost.
The hungry ghost is almost destroyed.
The hungry ghost closely misses you.
You closely miss the hungry ghost.
The hungry ghost is almost destroyed.
You block the hungry ghost's attack.
You miss the hungry ghost.
The hungry ghost is almost destroyed.
You block the hungry ghost's attack. The hungry ghost hits you.
You feel slightly more hungry.
You barely miss the hungry ghost.
The hungry ghost is almost destroyed.
The hungry ghost hits you.
You feel slightly more hungry.
You closely miss the hungry ghost.
The hungry ghost is almost destroyed.
You have starved to death.
You die...

▓'▓
▓.▓
▓.▓
▓|▓
▓)▓
▓.▓
▓[▓
▓[▓
▓@▓
▓W▓
▓o▓
▓c▓
▓{▓
▓r▓
▓.▓
▓.▓
▓.▓


You could see a hungry ghost, a centaur, an orc and a quokka.

Vanquished Creatures
  A centaur (D)
  A crimson imp (D)
  A gnoll shaman (D)
  2 worker ants (D)
  A worm (D)
  A bat (D)
  2 goblins (D)
  A hobgoblin (D)
  A jackal (D)
11 creatures vanquished.

Notes
Turn   | Place    | Note
--------------------------------------------------------------
     0 | D        | Kidiri the Gargoyle Fighter began the quest for the Orb.
     0 | D        | Reached XP level 1. HP: 14/14 MP: 1/1
    17 | D        | Reached skill level 4 in Armour
    20 | D        | Reached skill level 1 in Dodging
    20 | D        | Reached XP level 2. HP: 14/19 MP: 2/2
   109 | D        | Noticed a gnoll shaman
   109 | D        | Noticed a worker ant
   109 | D        | Noticed a centaur
   109 | D        | Noticed a worker ant
   126 | D        | Killed a gnoll shaman
   126 | D        | Reached XP level 3. HP: 16/24 MP: 3/3
   131 | D        | Killed a worker ant
   131 | D        | Reached skill level 5 in Armour
   131 | D        | Reached skill level 5 in Shields
   149 | D        | Killed a centaur
   149 | D        | Reached skill level 5 in Maces & Flails
   149 | D        | Reached skill level 6 in Armour
   149 | D        | Reached XP level 4. HP: 8/30 MP: 4/4
   149 | D        | Reached XP level 5. HP: 9/34 MP: 5/5
   159 | D        | Killed a worker ant
   159 | D        | Reached skill level 5 in Fighting
   526 | D        | Found a glowing silver altar of Zin.
   526 | D        | Found a glowing golden altar of the Shining One.
   526 | D        | Found an ancient bone altar of Kikubaaqudgha.
   526 | D        | Found a basalt altar of Yredelemnul.
   526 | D        | Found a shimmering altar of Xom.
   526 | D        | Found a radiant altar of Vehumet.
   527 | D        | Found an iron altar of Okawaru.
   528 | D        | Found a burning altar of Makhleb.
   529 | D        | Found a deep blue altar of Sif Muna.
   530 | D        | Found a bloodstained altar of Trog.
   531 | D        | Found a sparkling altar of Nemelex Xobeh.
   532 | D        | Found a white marble altar of Elyvilon.
   533 | D        | Found a roughly hewn altar of Beogh.
   534 | D        | Found a viscous altar of Jiyva.
   535 | D        | Became a worshipper of Warmaster Okawaru
   536 | D        | Found a corrupted altar of Lugonu.
   537 | D        | Found a blossoming altar of Fedhas.
   538 | D        | Found a snail-covered altar of Cheibriados.
   539 | D        | Found a shadowy altar of Dithmenos.
   540 | D        | Found a stormy altar of Qazlal.
   541 | D        | Found an opulent altar of Gozag.
   542 | D        | Found a sacrificial altar of Ru.
   559 | D        | Got the +2 morningstar "Imp's Funeral" {crush, MR+ Stlth+}
   609 | D        | Noticed a crimson imp
   609 | D        | Noticed a hungry ghost
   609 | D        | Noticed a centaur
   609 | D        | Noticed an orc wizard
   625 | D        | Killed a crimson imp
   656 | D        | Starved to death

Vault maps used:
D:        linesprint

Action                   |  1- 3 |  4- 6 || total
-------------------------+-------+-------++-------
Melee: Flail             |    49 |    12 ||    61
       Morningstar       |       |    43 ||    43
  Use: Potion            |     2 |       ||     2
  Eat: Bread ration      |       |     1 ||     1
